 Dungeon Crawl Stone Soup version 0.20.0-8-g6b59dc7 (webtiles) character file.

45056 dobroeutro the Basher (level 14, -3/92 HPs)
             Began as a Gargoyle Fighter on June 1, 2017.
             Was the Champion of Okawaru.
             Killed from afar by an acid blob (10 damage)
             ... with a splash of acid
             ... on level 6 of the Lair of Beasts.
             The game lasted 00:35:38 (18536 turns).

dobroeutro the Basher (Gargoyle Fighter)           Turns: 18536, Time: 00:35:39

Health: -3/92      AC: 32    Str: 28      XL:     14   Next: 31%
Magic:  12/12      EV:  8    Int: 12 (13) God:    Okawaru [******]
Gold:   354        SH: 12    Dex: 10      Spells: 13/13 levels left

rFire    . . .     SeeInvis .   T - +3 eveningstar (drain)
rCold    . . .     Gourm    .   c - +0 shield
rNeg     + + .     Faith    .   I - +8 orange crystal plate armour {Archmagi, Int+3 Clar}
rPois    ∞         Spirit   .   F - +1 helmet
rElec    +         Reflect  .   y - +2 cloak
rCorr    .         Harm     .   O - +1 pair of gloves {Str+3}
MR       ++...     Clarity  +   n - +0 pair of boots
Stlth    ..........             (no amulet)
Regen    0.3/turn               A - ring of protection from magic
MPRegen  0.2/turn               e - ring of positive energy

@: corroded
A: big wings, clarity, deterioration 1, low mp 1, negative energy resistance 1,
electricity resistance, strong 1, unbreathing, petrification resistance, rot
immunity, AC +9
a: Fly, Heroism, Finesse, Renounce Religion


You were on level 6 of the Lair of Beasts.
You worshipped Okawaru.
Okawaru was exalted by your worship.
You were not hungry.

You visited 3 branches of the dungeon, and saw 20 of its levels.
You also visited: Labyrinth.

You collected 1314 gold pieces.
You spent 960 gold pieces at shops.

Inventory:

Hand Weapons
 Q - the +0 mace of Variability {chaos}
   (You bought it in a shop on level 9 of the Dungeon)

   Each time it hits an enemy it has a different, random effect.
 T - a +3 eveningstar of draining (weapon)
Armour
 c - a +0 shield (worn)
 n - a +0 pair of boots (worn)
 y - a +2 cloak (worn)
 F - a +1 helmet (worn)
 I - the +8 orange crystal plate armour (worn) {Archmagi, Int+3 Clar}
   (Okawaru gifted it to you on level 9 of the Dungeon)

   It affects your intelligence (+3).
   It protects you against confusion.
 K - a +1 hat
 O - a +1 pair of gloves of strength (worn)
Jewellery
 b - the ring of Viwaxah {rF+ rC- rN++ Dex+3 Slay+3}
   (You found it on level 10 of the Dungeon)

   [ring of protection from fire]

   It affects your dexterity (+3).
   It affects your accuracy and damage with ranged weapons and melee attacks
   (+3).
   It protects you from fire.
   It makes you vulnerable to cold.
   It greatly protects you from negative energy.
 e - a ring of positive energy (right hand)
 A - a ring of protection from magic (left hand)
Wands
 z - a wand of flame (48/48)
 J - a wand of confusion (34/48)
 W - a wand of lightning (5/15)
 Z - a wand of flame (41/48)
Scrolls
 a - 3 scrolls of teleportation
 g - 3 scrolls of immolation
 k - 4 scrolls of identify
 l - 2 scrolls of magic mapping
 u - 3 scrolls of blinking
 C - a scroll of torment {unknown}
 E - 3 scrolls of remove curse
 N - a scroll of enchant weapon
 R - a scroll of fear
 U - a scroll of recharging
 V - a scroll of enchant armour
Potions
 d - a potion of might
 i - 5 potions of heal wounds
 j - 2 potions of invisibility {unknown}
 o - a potion of resistance
 p - a potion of ambrosia
 q - 2 potions of flight
 r - 6 potions of curing
 s - a potion of haste
 t - 2 potions of mutation
 v - a potion of degeneration {unknown}
 w - a potion of lignification
 x - a potion of berserk rage {unknown}
 B - 3 potions of agility
 H - a potion of brilliance
 M - a potion of magic
Miscellaneous
 L - a lamp of fire
Comestibles
 f - 6 bread rations
 h - 12 meat rations
 m - 9 royal jellies
 D - 28 fruits


   Skills:
 + Level 12.2 Fighting
 * Level 14.3 Maces & Flails
 + Level 10.6 Armour
 + Level 9.9 Dodging
 + Level 8.8 Shields


You had 13 spell levels left.
You didn't know any spells.

Dungeon Overview and Level Annotations

Branches:
Dungeon (13/15) Temple (1/1) D:6 Lair (6/6) D:8 Swamp (0/4) Lair:3 Spider (0/4) Lair:3 Slime (0/5) Lair:6 Orc (0/2) D:10 Vaults (0/5) D:12 D:13

Altars:
Ashenzari
Cheibriados
Dithmenos
Elyvilon
Fedhas
Gozag
Hepliaklqana
Makhleb
Nemelex Xobeh
Okawaru
Qazlal
Sif Muna
Uskayaw
Vehumet
Xom
Yredelemnul
Zin
The Shining One

Shops:
D:4 (   D:9 (   D:10 (

Portals:
Trove: D:12 (give 15 potions of curing)

Annotations:
D:13 Josephine, Kirke, Nessos, Rupert


Innate Abilities, Weirdness & Mutations

You are resistant to torment.
Your stone body is resilient. (AC +9)
You are immune to poison.
Your large and strong wings let you fly indefinitely.
You resist negative energy. (rN+)
You are resistant to electric shocks. (rElec)
You can survive without breathing.
You are immune to petrification.
You are immune to rotting.
You possess an exceptional clarity of mind.
Your body sometimes deteriorates upon taking damage.
Your magical capacity is low. (-10% MP)
Your muscles are strong. (Str +2)


Message History

The acid blob spits acid at you. The splash of acid misses you.
The acid blob spits acid at you. The splash of acid hits you!
You are splashed with acid!
The acid burns!
You block the spiny frog's attack. The acid blob spits acid at you.
The splash of acid hits you! The acid corrodes you!
You are splashed with acid!
The acid burns!
The acid blob spits acid at you. The splash of acid hits you!
The acid corrodes you!
You are splashed with acid!
The acid burns!
* * * LOW HITPOINT WARNING * * *
The acid blob seems less drained.
The acid blob spits acid at you. The splash of acid hits you!
You are splashed with acid!
The acid burns!
* * * LOW HITPOINT WARNING * * *
There is a stone staircase leading up here.
The acid blob spits acid at you. The splash of acid hits you!
You die...

≈≈≈≈≈≈≈≈P..........##
≈P≈P≈≈≈≈≈÷..........#
###≈≈≈≈≈≈≈≈≈≈............# ≈
##≈≈≈≈≈≈≈≈≈≈≈.............##
≈###≈P≈≈≈≈≈≈≈≈≈...............#
≈≈≈#≈≈≈≈≈≈≈≈≈≈..≈...........P##
≈≈≈≈≈≈≈≈≈≈P≈.P.≈...........P##
.≈≈≈≈≈≈..≈≈.P###...###†.....#
...P.P...#####F.@.P###..###.###
.....†####..Y......##.#..##...#
.....†.....Y........#.......###
............J.....#.........###
...................#......P..P#
........................###...#
...........(............##..P##
....................##..#....#
....................<........#


You could see an acid blob, 2 elephants and a spiny frog.

Vanquished Creatures
  Gastronok (D:10)
  Snorg (D:11)
  A minotaur (Lab)
  4 hydras
  A centaur warrior (D:13)
  2 two-headed ogres
  3 death yaks (Lair:4)
  Nergalle (D:10)
  An orc knight (D:12)
  An orc sorcerer (D:11)
  A cyclops (D:12)
  An oklob plant (Lair:3)
  Joseph (D:8)
  Maurice (D:12)
  4 black mambas
  26 spiny frogs
  5 komodo dragons
  A troll (D:10)
  3 slime creatures (D:11)
  4 tyrant leeches
  16 blink frogs
  Prince Ribbit (D:8)
  7 hippogriffs
  A spriggan (D:8)
  4 wraiths
  6 yaks
  A wyvern (Lair:5)
  5 humans (D:12)
  A vampire (D:12)
  3 hungry ghosts
  2 basilisks
  9 vampire mosquitoes
  16 porcupines
  15 water moccasins
  5 orc warriors
  4 sky beasts
  An eye of draining (D:10)
  4 phantoms
  5 black bears
  5 ogres
  5 ice beasts
  8 wolves
  6 centaurs (D:11)
  13 crocodiles
  3 big kobolds
  19 bullfrogs
  A wyvern zombie (D:8)
  A water moccasin zombie (D:7)
  6 scorpions
  A wyvern skeleton (D:9)
  6 killer bees (D:7)
  2 howler monkeys (D:13)
  7 wights
  3 electric eels
  3 crimson imps
  A bullfrog zombie (D:10)
  9 hounds
  5 orc priests
  Crazy Yiuf (D:5)
  5 bullfrog skeletons
  2 centaur skeletons
  2 centaur zombies (D:9)
  4 jellies
  13 orc wizards
  An iguana (D:4)
  8 worker ants
  3 hound skeletons
  A worker ant zombie (D:10)
  9 adders
  2 shadow imps (D:10)
  An adder skeleton (D:5)
  3 worms
  4 dart slugs
  7 leopard geckos
  64 orcs
  4 bats
  3 giant cockroaches
  5 goblins
  7 hobgoblins
  12 jackals
  11 kobolds
  5 quokkas
  2 ball pythons
  4 frilled lizards
  A jackal skeleton (D:5)
  11 rats
  A plant (Lair:2)
469 creatures vanquished.

Vanquished Creatures (others)
  6 fungi (Lair:6)
  6 plants (Lair:6)
12 creatures vanquished.

Grand Total: 481 creatures vanquished

Notes
Turn   | Place    | Note
-------+----------+-------------------------------------------
     0 | D:1      | dobroeutro the Gargoyle Fighter began the quest for the Orb.
     0 | D:1      | Reached XP level 1. HP: 14/14 MP: 1/1
   203 | D:1      | Reached XP level 2. HP: 16/19 MP: 2/2
   603 | D:1      | Reached XP level 3. HP: 21/23 MP: 3/3
  1516 | D:3      | Reached skill level 3 in Maces & Flails
  1521 | D:3      | Reached XP level 4. HP: 29/29 MP: 4/4
  1865 | D:4      | Reached XP level 5. HP: 10/33 MP: 5/5
  2416 | D:3      | Reached skill level 4 in Maces & Flails
  2672 | D:4      | Reached XP level 6. HP: 38/38 MP: 6/6
  2987 | D:4      | Found a shadowy altar of Dithmenos.
  3059 | D:4      | Found a transporter.
  3096 | D:4      | Found a transporter.
  3606 | D:4      | Found Herokk's Weapon Boutique.
  3677 | D:4      | Reached skill level 5 in Maces & Flails
  3677 | D:4      | Reached XP level 7. HP: 32/44 MP: 7/7
  3705 | D:4      | Reached skill level 5 in Shields
  3861 | D:5      | Entered Level 5 of the Dungeon
  4123 | D:5      | Reached skill level 5 in Armour
  4220 | D:5      | Found a runed door.
  4323 | D:5      | Found a shattered altar of Ashenzari.
  4542 | D:5      | Noticed Crazy Yiuf
  4546 | D:5      | Killed Crazy Yiuf
  4546 | D:5      | Reached skill level 5 in Fighting
  4686 | D:6      | Found a staircase to the Ecumenical Temple.
  4762 | Temple   | Entered the Ecumenical Temple
  4865 | Temple   | Became a worshipper of Warmaster Okawaru
  4964 | D:6      | Reached skill level 6 in Maces & Flails
  4964 | D:6      | Reached XP level 8. HP: 49/49 MP: 8/8
  5461 | D:6      | Reached * piety under Okawaru
  5734 | D:7      | Reached skill level 7 in Maces & Flails
  6129 | D:7      | Reached XP level 9. HP: 8/55 MP: 9/9
  6443 | D:7      | Reached ** piety under Okawaru
  6459 | D:7      | Reached skill level 8 in Maces & Flails
  6476 | D:7      | Found a blossoming altar of Fedhas.
  6479 | D:7      | Found a hazy altar of Hepliaklqana.
  6483 | D:7      | Found a shadowy altar of Dithmenos.
  6483 | D:7      | Found a white marble altar of Elyvilon.
  6483 | D:7      | Found a radiant altar of Vehumet.
  6484 | D:7      | Found a burning altar of Makhleb.
  6488 | D:7      | Found a snail-covered altar of Cheibriados.
  7085 | D:7      | Reached skill level 1 in Dodging
  7319 | D:8      | Reached skill level 9 in Maces & Flails
  7379 | D:8      | Noticed Joseph
  7395 | D:8      | Killed Joseph
  7395 | D:8      | Reached *** piety under Okawaru
  7409 | D:8      | Reached XP level 10. HP: 34/63 MP: 10/10
  7507 | D:8      | Found a staircase to the Lair.
  7628 | D:8      | Reached **** piety under Okawaru
  8078 | D:8      | Reached skill level 10 in Maces & Flails
  8632 | D:8      | Noticed Prince Ribbit
  8643 | D:8      | Killed Prince Ribbit
  9007 | D:9      | Found a hide-covered altar of Uskayaw.
  9064 | D:9      | Found a snail-covered altar of Cheibriados.
  9094 | D:9      | Reached ***** piety under Okawaru
  9117 | D:9      | Found Oxzep's Weapon Shoppe.
  9391 | D:9      | Noticed a two-headed ogre
  9402 | D:9      | Killed a two-headed ogre
  9402 | D:9      | Received a gift from Okawaru
  9402 | D:9      | Reached XP level 11. HP: 48/69 MP: 11/11
  9550 | D:10     | Entered Level 10 of the Dungeon
  9554 | D:10     | Noticed Nergalle
  9704 | D:10     | Found a staircase to the Orcish Mines.
  9704 | D:10     | Found Leiptommo's Weapon Boutique.
  9780 | D:10     | Killed Nergalle
  9780 | D:10     | Reached skill level 11 in Maces & Flails
  9827 | D:10     | Got an ancient bronze ring
  9836 | D:10     | Noticed a two-headed ogre
  9838 | D:10     | Identified the ring of Viwaxah {rF+ rC- rN++ Dex+3 Slay+3} (You found it on level 10 of the Dungeon)
  9855 | D:10     | Killed a two-headed ogre
  9855 | D:10     | Reached skill level 5 in Dodging
  9876 | D:10     | Noticed a four-headed hydra
  9891 | D:10     | Killed a four-headed hydra
 10139 | D:10     | Gained mutation: You are frail. (-10% HP) [mutagenic meat]
 10140 | D:10     | Gained mutation: Your magical capacity is low. (-10% MP) [mutagenic meat]
 10141 | D:10     | Gained mutation: Your muscles are strong. (Str +2) [mutagenic meat]
 10142 | D:10     | Gained mutation: You possess an exceptional clarity of mind. [mutagenic meat]
 10143 | D:10     | Lost mutation: You are frail. (-10% HP) [mutagenic meat]
 10144 | D:10     | Gained mutation: Your body sometimes deteriorates upon taking damage. [mutagenic meat]
 10394 | D:10     | Noticed Gastronok
 10408 | D:10     | Killed Gastronok
 10577 | D:10     | You fall through a shaft for 3 floors!
 10681 | D:13     | Noticed a centaur warrior
 10708 | D:13     | Killed a centaur warrior
 10721 | D:13     | Noticed Nessos
 10792 | D:13     | Noticed Kirke
 10795 | D:13     | Noticed Josephine
 10832 | D:13     | Noticed Rupert
 10834 | D:13     | Noticed an orc knight
 10838 | D:13     | Found a gate to the Vaults.
 10897 | D:12     | Received a gift from Okawaru
 10912 | D:12     | Got a faintly glowing buckler {god gift}
 10923 | D:12     | Identified the +0 buckler of Dramatic Exits {Str+4 Dex+2 Stlth+} (Okawaru gifted it to you on level 12 of the Dungeon)
 10963 | D:12     | Noticed a cyclops
 10976 | D:12     | Killed a cyclops
 10976 | D:12     | Reached skill level 10 in Fighting
 10976 | D:12     | Reached XP level 12. HP: 77/77 MP: 10/10
 11088 | D:11     | Noticed a four-headed hydra
 11097 | D:11     | Killed a four-headed hydra
 11225 | D:10     | Reached skill level 12 in Maces & Flails
 12113 | D:12     | Noticed Snorg
 12197 | D:11     | Killed Snorg
 12319 | D:12     | Noticed Maurice
 12383 | D:12     | Killed Maurice
 12456 | D:12     | Found a portal to a secret trove of treasure.
 12532 | D:12     | Noticed a two-headed ogre
 13140 | Lair:1   | Entered Level 1 of the Lair of Beasts
 13483 | D:9      | Bought the +0 mace of Variability {chaos} for 960 gold pieces
 13589 | Lair:1   | Found a shattered altar of Ashenzari.
 13633 | Lair:1   | Received a gift from Okawaru
 14141 | Lair:2   | Reached XP level 13. HP: 84/84 MP: 11/11
 14733 | Lair:3   | Found a labyrinth entrance.
 14742 | Lab      | Entered a labyrinth
 15132 | Lab      | Noticed a minotaur
 15134 | Lab      | Killed a minotaur
 15141 | Lab      | Identified the Almanac of Glacial Execration
 15152 | Lair:3   | Reached ****** piety under Okawaru
 15152 | Lair:3   | Received a gift from Okawaru
 15161 | Lair:3   | Reached skill level 13 in Maces & Flails
 15300 | Lair:3   | Found a glowing golden altar of the Shining One.
 15798 | Lair:3   | Found a hole to the Spider Nest.
 15937 | Lair:3   | Found a staircase to the Swamp.
 17099 | Lair:4   | Received a gift from Okawaru
 17111 | Lair:4   | Reached skill level 10 in Armour
 17777 | Lair:6   | Entered Level 6 of the Lair of Beasts
 18025 | Lair:5   | Gained mutation: Your large and strong wings let you fly indefinitely. [Gargoyle growth]
 18025 | Lair:5   | Reached XP level 14. HP: 88/92 MP: 12/12
 18150 | Lair:6   | Reached skill level 14 in Maces & Flails
 18216 | Lair:6   | Received a gift from Okawaru
 18423 | Lair:6   | Found a staircase to the Slime Pits.
 18505 | Lair:6   | Noticed an acid blob
 18536 | Lair:6   | Killed from afar by an acid blob

Skill      XL: |  1  2  3  4  5  6  7  8  9 10 11 12 13 14 |
---------------+-------------------------------------------+-----
Maces & Flails | 3 4 5 6 7 9 10 11 12 13 14 | 14.3
Armour         | 4 5 6 7 8 9 10 | 10.6
Shields        | 4 5 6 8 |  8.8
Fighting       | 4 5 6 7 8 10 11 12 | 12.2
Dodging        | 1 4 7 9 |  9.9

Action                   |  1- 3 |  4- 6 |  7- 9 | 10-12 | 13-15 || total
-------------------------+-------+-------+-------+-------+-------++-------
Melee: Flail             |   154 |   299 |   414 |  1166 |       ||  2033
       Eveningstar       |       |       |       |    40 |   544 ||   584
Invok: Heroism           |       |       |       |     1 |       ||     1
  Use: Scroll            |       |       |    12 |    14 |     4 ||    30
       Potion            |       |       |       |     2 |       ||     2
  Eat: Chunk             |     1 |     9 |     8 |    23 |     1 ||    42
       Bread ration      |       |       |     1 |     6 |     3 ||    10
Armor: Scale mail        |    85 |   249 |   257 |   157 |       ||   748
       Crystal plate arm |       |       |       |   740 |   389 ||  1129
Dodge: Dodged            |    48 |   137 |   126 |   281 |   120 ||   712
Block: Shield            |    86 |   215 |   259 |   659 |   303 ||  1522
